Map: Ley Lines

Players

ManlyManMeat - Winner!

  • Race: Zerg Zerg
  • League: Platinum
  • Spawn Location: 7:00

Odblask

  • Race: Zerg Zerg
  • League: Diamond
  • Spawn Location: 1:00

VOD

Have the link to the VOD?

Description

Time

  • Played on: June 22, 2025, 7:17 a.m.
  • Length: 7:39
Show
View Real Time Build Order
Export as new Build Order

ManlyManMeat Zerg - Winner!

Build Orders: Hatch First 

Get SALT Encoding   

  12  0:00  Drone  
  13  0:08  Drone  
  14  0:17  Extractor  
  14  0:18  Drone  
  15  0:21  Overlord  
  15  0:42  Drone  
  16  0:48  Hatchery  
  15  0:51  Drone  
  15  0:54  Drone  
  17  0:58  Drone  
  19  1:15  Spawning Pool  
  19  1:16  Extractor  
  17  1:25  Drone  
  17  1:29  Drone  
  18  1:42  Drone  
  19  1:51  Overlord  
  19  2:02  Queen x2  
  19  2:03  Zergling x2  
  19  2:06  Zergling x2  
  25  2:18  Metabolic Boost  
  25  2:20  Zergling x2  
  25  2:21  Zergling x2  
  27  2:26  Drone  
  28  2:32  Drone  
  28  2:33  Drone x2  
  31  2:47  Baneling Nest  
  31  2:50  Drone x2  
  32  3:00  Drone  
  32  3:01  Drone  
  34  3:19  Hatchery  
  33  3:23  Drone x3  
  33  3:24  Overlord  
  36  3:32  Baneling x3  
  36  3:39  Overlord x2  
  36  3:44  Baneling x2  
  36  3:50  Zergling x8  
  37  4:10  Zergling x14  
  36  4:31  Zergling x4  
  35  4:40  Baneling x2  
  35  4:43  Drone x3  
  35  4:44  Drone x2, Spine Crawler  
  35  5:03  Zergling x6  
  35  5:05  Queen  
  35  5:06  Drone x2  
  35  5:07  Drone  
  43  5:13  Zergling x2  
  43  5:14  Zergling x8  
  48  5:34  Zergling x6  
  48  5:35  Zergling x6  
  50  5:49  Zergling x12  
  54  5:55  Queen  
  54  5:56  Queen  
  57  5:59  Zergling x2  
  57  6:01  Baneling  
  57  6:03  Baneling  
  58  6:07  Queen  
  58  6:08  Zergling x4  
  58  6:10  Baneling  
  58  6:11  Baneling x2  
  62  6:15  Evolution Chamber  
  56  6:31  Queen  
  57  6:34  Zergling x20  
  57  6:35  Zergling x2  
  57  6:38  Zergling x4  
  64  6:49  Zergling x6  
  66  6:58  Zergling x2, Overlord  
  66  6:59  Overlord x2  
  61  7:12  Baneling  
  61  7:15  Baneling  
  58  7:19  Baneling  
Show
View Real Time Build Order
Export as new Build Order

Odblask Zerg 

Build Orders: Hatch First, Zergling Baneling 

Get SALT Encoding   

  12  0:00  Drone  
  13  0:12  Overlord  
  13  0:18  Drone  
  14  0:31  Drone x2  
  16  0:46  Hatchery  
  15  0:50  Drone  
  15  0:54  Drone  
  17  1:05  Extractor  
  17  1:10  Spawning Pool  
  15  1:13  Drone  
  15  1:17  Drone  
  17  1:20  Drone  
  18  1:28  Drone  
  19  1:57  Queen  
  19  1:59  Zergling x2, Overlord  
  19  2:00  Queen  
  24  2:01  Drone  
  24  2:06  Zergling x2  
  26  2:18  Baneling Nest  
  25  2:25  Drone  
  25  2:27  Drone x2  
  25  2:28  Drone  
  29  2:32  Metabolic Boost  
  29  2:39  Drone x2  
  29  2:42  Drone  
  32  2:47  Zergling x2  
  33  2:53  Zergling x2  
  33  2:57  Overlord  
  34  3:09  Zergling x2  
  34  3:10  Zergling x2  
  35  3:15  Overlord  
  35  3:17  Zergling x10  
  40  3:33  Zergling x4  
  42  3:42  Zergling x8  
  46  3:56  Baneling x8  
  46  3:57  Baneling  
  46  3:59  Zergling x8  
  43  4:16  Zergling x2  
  43  4:17  Zergling x6  
  39  4:32  Zergling x4  
  40  4:41  Zergling x4  
  42  4:46  Baneling x5  
  41  5:07  Extractor  
  40  5:12  Drone, Queen  
  40  5:13  Drone x2  
  45  5:16  Hatchery  
  45  5:19  Overlord  
  33  5:59  Zergling x20  
  43  6:10  Roach Warren, Evolution Chamber  
  41  6:12  Lair, Extractor  
  41  6:17  Zergling x12  
  41  6:30  Zergling x4  
  33  6:49  Zergling x4  
  33  6:50  Zergling x10  
  28  7:02  Zergling x2  
  28  7:03  Zergling x4  
  28  7:05  Zergling x6  
  32  7:16  Roach x5  
Tags
 
Add a new tag
Caveats
  • Supply blocks, unpowered buildings, or Contaminate may cause inaccurate times.
  • Supply counts are checked every 10 seconds.